 Dungeon Crawl Stone Soup version 0.30.0-29-ga12c61a403 (webtiles) character file.

Game seed: 18031448892754621957

402 Fodor the Trooper (level 6, -2/40 (56) HPs)
             Began as a Minotaur Fighter on June 26, 2023.
             Slain by Duvessa
             ... wielding a +1 short sword of draining
              (17 damage)
             ... on level 5 of the Dungeon.
             The game lasted 00:19:15 (3976 turns).

Fodor the Trooper (Minotaur Fighter)                Turns: 3976, Time: 00:19:16

HP:   -2/40 (56)    AC: 12    Str: 22    XL:     6   Next: 55%
MP:   5/5           EV: 16    Int:  5    God:
Gold: 26            SH:  0    Dex: 10    Spells: 5/5 levels left

rFire   . . .        E - +3 quarterstaff
rCold   . . .        (shield currently unavailable)
rNeg    . . .        w - +4 ring mail
rPois   .            (helmet restricted)
rElec   .            C - +0 cloak
rCorr   .            (no gloves)
SInv    .            g - +0 pair of boots
Will    .....        (no amulet)
Stlth   +            q - +5 ring of evasion
HPRegen 0.26/turn    (no ring)
MPRegen 0.09/turn

%: no passive effects
@: lit by a corona, glowing, very heavily drained
A: horns 2, retaliatory headbutt
a: no special abilities


You were on level 5 of the Dungeon.
You visited 2 branches of the dungeon, and saw 6 of its levels.
You also visited: Sewer.

You collected 243 gold pieces.
You spent 217 gold pieces at shops.

Inventory:

Hand Weapons
 a - a +0 sling
 E - a +3 quarterstaff (weapon)
Missiles
 u - 3 javelins (quivered)
Armour
 c - a +0 buckler
 g - a +0 pair of boots (worn)
 i - a +2 pair of boots
 w - a +4 ring mail (worn)
 C - a +0 cloak (worn)
Jewellery
 q - a +5 ring of evasion (left hand)
Wands
 b - a wand of flame (15)
Scrolls
 j - a scroll of brand weapon {unknown}
 k - a scroll of butterflies
 l - a scroll of fog {unknown}
 m - 3 scrolls of enchant weapon
 n - 8 scrolls of identify
 s - a scroll of immolation {unknown}
 v - a scroll of amnesia {unknown}
 x - a scroll of vulnerability {unknown}
 y - a scroll of magic mapping {unknown}
Potions
 d - 2 potions of might
 e - 2 potions of flight {unknown}
 f - 2 potions of magic {unknown}
 h - 3 potions of haste {unknown}
 o - 2 potions of cancellation {unknown}
 p - 3 potions of ambrosia {unknown}
 r - 2 potions of curing {unknown}
 t - a potion of brilliance {unknown}
 z - a potion of heal wounds {unknown}
 A - a potion of mutation {unknown}
 B - 3 potions of resistance {unknown}


   Skills:
 + Level 5.3 Fighting
 + Level 3.2(3.8) Short Blades
 + Level 3.2(4.0) Long Blades
 + Level 0.1 Throwing
 + Level 5.0 Armour
 + Level 1.9 Dodging
 + Level 0.7 Stealth
 + Level 4.8 Shields


You had 5 spell levels left.
You didn't know any spells.
Your spell library contained the following spells:

 Spells                   Type           Power      Damage    Failure   Level
 Kiss of Death            Conj/Necr      0%         2d5       63%         1
 Shock                    Conj/Air       0%         1d3       63%         1
 Confusing Touch          Hex            0%         N/A       94%         3
 Swiftness                Air            0%         N/A       94%         3
 Airstrike                Air            0%         2d(0-16)  100%        4
 Dispel Undead            Necr           0%         3d6       100%        4


Dungeon Overview and Level Annotations

Branches:
Dungeon (5/15)             Temple (1/1) D:5           Sewer (visited)

Altars:
Ashenzari
Elyvilon
Fedhas
Kikubaaqudgha
Okawaru
Qazlal
Sif Muna
Trog
Uskayaw
Wu Jian
Yredelemnul
Zin

Shops:
D:4 *   D:5 ?

Annotations:
D:5 Duvessa


Innate Abilities, Weirdness & Mutations

You have a pair of horns on your head.
You reflexively headbutt those who attack you in melee.


Message History

You feel drained. Dowan barely misses you. You furiously retaliate!
You headbutt Dowan! You hit Dowan.
Dowan is severely wounded.
Duvessa hits you with a +1 short sword of draining.
You feel drained.
Duvessa hits you with a +1 short sword of draining.
You feel drained.
Dowan says, "Stay away from my face!"
Dowan hits you with a +0 dagger.
You sock Dowan!
You kill Dowan!
Duvessa screams in rage.
Duvessa goes berserk!
Duvessa hits you but does no damage.
You feel drained.
Duvessa hits you with a +1 short sword of draining.
You feel drained.
Duvessa hits you with a +1 short sword of draining.
You feel drained.
Duvessa hits you with a +1 short sword of draining.
You feel drained.
Things that are here:
a +0 dagger; a +0 robe; the elf corpse of Dowan Duvessa closely misses you.
You hit Duvessa. You headbutt Duvessa!
Duvessa is moderately wounded.
Duvessa hits you with a +1 short sword of draining.
You feel drained. Duvessa barely misses you.
You hit Duvessa. You headbutt Duvessa.
Duvessa is heavily wounded.
Duvessa hits you but does no damage.
You feel drained. Duvessa barely misses you.
You completely miss Duvessa.
Duvessa is heavily wounded.
Duvessa completely misses you. Duvessa closely misses you.
You hit Duvessa but do no damage.
Duvessa is heavily wounded.
Duvessa hits you with a +1 short sword of draining!
You feel drained.
Duvessa hits you with a +1 short sword of draining!
You die...

#######...#.....#
#...#.....#
##...#.....####
#...##........#
##...##........#
#...###........#
##...# #........#
##...##
#....e...#
##...##
#....)@..#
##...##
#.∩.###### #...##
#...# ...## #...#
...# #...# ..##
#...# ..# #...#
.## ##.## .# #.#


You could see Duvessa (berserk, fast).

Vanquished Creatures
  Dowan (D:5)
  2 hounds
  2 jellies (Sewer)
  An orc priest (D:5)
  2 iguanas
  4 adders
  2 ufetubi
  4 worms
  4 dart slugs
  4 orcs (D:3)
  13 endoplasms
  6 giant cockroaches
  4 goblins
  4 hobgoblins
  6 jackals (D:1)
  3 quokkas
  9 ball pythons
  3 bats
  4 frilled lizards
  3 kobolds
  9 rats
90 creatures vanquished.

Notes
Turn   | Place    | Note
-------+----------+-------------------------------------------
     0 | D:1      | Fodor the Minotaur Fighter began the quest for the Orb.
     0 | D:1      | Reached XP level 1. HP: 19/19 MP: 0/0
    85 | D:1      | Reached XP level 2. HP: 24/27 MP: 1/1
   852 | D:1      | Reached XP level 3. HP: 33/33 MP: 2/2
  1497 | D:3      | Found a hide-covered altar of Uskayaw.
  1552 | D:3      | Reached XP level 4. HP: 41/41 MP: 3/3
  1726 | D:3      | Reached skill level 1 in Short Blades
  1856 | D:3      | Found a glowing drain.
  1868 | Sewer    | Entered a sewer
  2012 | Sewer    | Reached skill level 1 in Dodging
  2012 | Sewer    | Reached XP level 5. HP: 40/47 MP: 4/4
  2073 | Sewer    | Found a viscous altar of Jiyva.
  2680 | D:3      | Reached skill level 5 in Fighting
  2945 | D:4      | Found a broken altar of Ashenzari.
  3110 | D:4      | Found Hinadion's Overcharged Wands.
  3397 | D:4      | Reached XP level 6. HP: 38/56 MP: 5/5
  3561 | D:4      | Found a white marble altar of Elyvilon.
  3629 | D:5      | Entered Level 5 of the Dungeon
  3629 | D:5      | Found a staircase to the Ecumenical Temple.
  3640 | D:5      | Reached skill level 5 in Armour
  3649 | Temple   | Entered the Ecumenical Temple
  3955 | D:5      | Found Hiduxt's Magic Scroll Shop.
  3962 | D:5      | Noticed Duvessa
  3962 | D:5      | Noticed Dowan
  3963 | D:5      | Bought a scroll of enchant weapon for 105 gold pieces
  3963 | D:5      | Bought a scroll of identify for 28 gold pieces
  3963 | D:5      | Bought a scroll of identify for 28 gold pieces
  3963 | D:5      | Bought a scroll of butterflies for 56 gold pieces
  3970 | D:5      | Killed Dowan
  3976 | D:5      | Slain by Duvessa

Illustrated notes

Levels and vault maps discovered:
D:1:      nzn_arrival_water_spiral, layout_basic, minmay_vboxes
D:2:      layout_rooms
D:3:      minmay_diamond_boxcup, layout_basic, mainiacjoe_overflow_tiny_flanked,
          portal_sewer_entry_b
D:4:      layout_gridville, elyvilon_altar_3, overflow_temple_1_default,
          nicolae_shop_overcharged_wands
D:5:      layout_basic, minmay_temple_entry_proselytizer, serial_curves,
          eino_curves_01, eino_curves_02, serial_shops, shop, shop_statue,
          nicolae_shop_behind_doors, dk_rats_in_the_wall, uniq_duvessa
Temple:   nicolae_temple_cloud_nine

Skill      XL: |  1  2  3  4  5  6 |
---------------+-------------------+-----
Fighting       | 4 5 |  5.3
Shields        | 4 |  4.8
Long Blades    | 3 |  3.2
Armour         | 4 5 |  5.0
Short Blades   | 1 2 3 |  3.2
Dodging        | 1 |  1.9
Throwing       | |  0.1
Stealth        | |  0.7

Action                     |  1- 3 |  4- 6 || total
---------------------------+-------+-------++-------
  Melee: Long sword        |    33 |       ||    33
         Headbutt          |    14 |    24 ||    38
         Dagger            |    43 |   153 ||   196
         Quarterstaff      |       |    10 ||    10
  Throw: Javelin           |       |     3 ||     3
 Armour: Scale mail        |    29 |       ||    29
         Ring mail         |     2 |    41 ||    43
  Dodge: Dodged            |    48 |   107 ||   155
  Block: Buckler           |    21 |    32 ||    53
